 Dungeon Crawl Stone Soup version 0.22-a0-467-g5c5de1c (webtiles) character file.

88 Judge the Ruffian (level 4, 42/42 HPs)
             Began as a Troll Warper on June 10, 2018.
             Was an Initiate of Uskayaw.
             Quit the game on level 2 of the Dungeon on June 13, 2018.
             The game lasted 00:13:30 (1206 turns).

Judge the Ruffian (Troll Warper)                    Turns: 1206, Time: 00:13:31

Health: 42/42      AC:  5    Str: 19    XL:     4   Next: 30%
Magic:  5/5        EV: 10    Int: 10    God:    Uskayaw [......]
Gold:   151        SH:  0    Dex: 11    Spells: 4/6 levels left

rFire    . . .     SeeInvis .     - Unarmed
rCold    . . .     Gourm    +   (no shield)
rNeg     . . .     Faith    .   a - +0 robe
rPois    .         Spirit   .   (helmet restricted)
rElec    .         Reflect  .   (no cloak)
rCorr    .         Harm     .   (gloves unavailable)
MR       .....                  (boots unavailable)
Stlth    +.........             (no amulet)
HPRegen  0.54/turn              k - +2 ring of dexterity
MPRegen  0.09/turn              (no ring)

@: no status effects
A: large, unfitting armour, claws 3, fast metabolism 3, gourmand, regeneration
1, shaggy fur 1, tough skin 2
a: Renounce Religion


You were on level 2 of the Dungeon.
You worshipped Uskayaw.
Uskayaw was noncommittal.
You were not hungry.

You visited 1 branch of the dungeon, and saw 2 of its levels.

You collected 151 gold pieces.

Inventory:

Missiles
 d - 3 tomahawks of dispersal (quivered)
 m - 8 javelins
Armour
 a - a +0 robe (worn)
 j - a +0 pair of boots
Jewellery
 k - a +2 ring of dexterity (left claw)
Scrolls
 b - 3 scrolls of identify {unknown}
 c - 2 scrolls of blinking
 g - a scroll of enchant armour {unknown}
 h - a scroll of remove curse {unknown}
 i - 2 scrolls of noise {unknown}
 n - a scroll of teleportation {unknown}
Potions
 e - a potion of mutation {unknown}
 l - a potion of might {unknown}
Comestibles
 f - 3 rations


   Skills:
 + Level 1.9 Fighting
 + Level 1.1 Throwing
 + Level 2.3 Dodging
 + Level 3.3 Unarmed Combat
 + Level 1.5 Spellcasting
 + Level 2.4 Translocations


You had 4 spell levels left.
You knew the following spells:

 Your Spells              Type           Power        Failure   Level  Hunger
a - Blink                 Tloc           N/A          19%         2    ###....

Your spell library contained the following spells:

 Spells                   Type           Power        Failure   Level  Hunger
 Teleport Other           Tloc           #.......     34%         3    ####...
 Passage of Golubria      Tloc           N/A          75%         4    #####..
 Shroud of Golubria       Chrm/Tloc      #.........   30%         2    ###....
 Gell's Gravitas          Tloc           #.........   34%         3    ####...
 Lesser Beckoning         Tloc           #.........   34%         3    ####...


Dungeon Overview and Level Annotations

Branches:
Dungeon (2/15)

Altars:
Okawaru
Uskayaw
Zin


Innate Abilities, Weirdness & Mutations

You are too large for most types of armour.
You have claws for hands.
Your metabolism is lightning-fast.
You like to eat raw meat.
Your natural rate of healing is unusually fast.
You are covered in fur. (AC +1)
You have very tough skin. (AC +2)


Message History

a club; an orc corpse
Things that are here:
a hand axe; an orc corpse; an adder corpse
Things that are here:
a dagger; a robe
Okay, then.
You eat one of the 4 rations.
That ration really hit the spot!
Things that are here:
a hand axe; an orc corpse; an adder corpse You now have 151 gold pieces (gained 13).
Found a hide-covered altar of Uskayaw.
There is a hide-covered altar of Uskayaw here.
You kneel at the altar of Uskayaw.
Uskayaw welcomes you!
Okay, then.
Welcome back, Judge the Troll Warper.
Uskayaw says: Surrender yourself to the rhythm!
Press ? for a list of commands and other information.
Unknown command.
Are you sure you want to abandon this character and quit the game? (Confirm with "yes".)

### ..# ###########
..############## #......_..#
_.'............# #.#######.#
..############.####.# #.#
..##### #.....##.## ###.#
###...######.....#...####...#
###...........@...........###
########.....#....#.......#
##.##.....#............#
##.#.###.......##.##....#
#.#...........##...##..##
##...########.#..#..#..#
##.## #.#.#.#.#..# #.#
#....#.....# ###.#
##.#.#.#.#..#


There were no monsters in sight!

Vanquished Creatures
  An orc wizard (D:2)
  An adder (D:2)
  A dart slug (D:2)
  8 orcs (D:2)
  A bat (D:2)
  A giant cockroach (D:1)
  5 goblins
  5 hobgoblins (D:1)
  4 jackals (D:2)
  5 kobolds
  A ball python (D:2)
  6 frilled lizards
  4 rats
43 creatures vanquished.

Notes
Turn   | Place    | Note
-------+----------+-------------------------------------------
     0 | D:1      | Judge the Troll Warper began the quest for the Orb.
     0 | D:1      | Reached XP level 1. HP: 19/19 MP: 1/1
   122 | D:1      | Reached XP level 2. HP: 28/28 MP: 3/3
   126 | D:1      | Learned a level 2 spell: Blink
   641 | D:2      | Reached XP level 3. HP: 30/35 MP: 4/4
   664 | D:2      | Reached skill level 1 in Throwing
   696 | D:2      | Found a glowing silver altar of Zin.
   920 | D:2      | Found an iron altar of Okawaru.
  1023 | D:2      | Reached skill level 3 in Unarmed Combat
  1059 | D:2      | Reached XP level 4. HP: 2/42 MP: 1/5
  1187 | D:2      | Found a hide-covered altar of Uskayaw.
  1190 | D:2      | Became a worshipper of Uskayaw the Reveler
  1206 | D:2      | Quit the game

Vault maps used:
D:1:      dpeg_arrival_tiny_c, solitary_fountain
D:2:      zin_scriptorium, overflow_temple_1_default,
          nicolae_overflow_crystal_walls, minmay_box_of_dots

Skill      XL: |  1  2  3 |
---------------+----------+-----
Dodging        | 2 |  2.3
Throwing       | 1 |  1.1
Unarmed Combat | 3 |  3.3
Fighting       | |  1.9
Spellcasting   | |  1.5
Translocations | |  2.4

Action                   |  1- 3 |  4- 6 || total
-------------------------+-------+-------++-------
Melee: Unarmed           |   114 |       ||   114
       Punch             |     2 |       ||     2
Throw: Tomahawk          |     2 |       ||     2
 Cast: Blink             |     6 |       ||     6
  Eat: Chunk             |     4 |       ||     4
       Ration            |     1 |     1 ||     2
Armor: Robe              |    41 |       ||    41
Dodge: Dodged            |    65 |       ||    65

Table legend:
 A = Spawn XP
 B = Non-spawn XP
 C = Spawn XP percentage of total XP
 D = Spawn monster count
 E = Non-spawn monster count
 F = Spawn count percentage of total count
 G = Total turns spent on level
                    A         B        C        D         E        F      G
               +---------+---------+-------+---------+---------+-------+---------
         Total |       0 |     127 |   0.0 |       0 |      43 |   0.0 |  1206
               +---------+---------+-------+---------+---------+-------+---------
           D:1 |       0 |      26 |   0.0 |       0 |      17 |   0.0 |   627
           D:2 |       0 |     101 |   0.0 |       0 |      26 |   0.0 |   579
               +---------+---------+-------+---------+---------+-------+---------
